 Dungeon Crawl Stone Soup version 0.27-a0-1137-g3ef0f4ec91 (webtiles) character file.

Game seed: 5799448147174555393

58 Zeld the Shield-Bearer (level 4, -1/33 HPs)
             Began as an Octopode Fighter on May 6, 2021.
             Slain by a gnoll
             ... wielding a +0 spear
              (6 damage)
             ... on level 1 of the Dungeon.
             The game lasted 00:01:22 (1866 turns).

Zeld the Shield-Bearer (Octopode Fighter)           Turns: 1866, Time: 00:01:22

Health: -1/33      AC:  1    Str: 16    XL:     4   Next: 2%
Magic:  4/4        EV: 11    Int: 10    God:
Gold:   92         SH:  9    Dex: 11    Spells: 3/3 levels left

rFire    . . .     SeeInvis .   a - +0 war axe
rCold    . . .     Faith    .   b - +0 kite shield
rNeg     . . .     Spirit   .   (helmet restricted)
rPois    .         Reflect  .   (no amulet)
rElec    .         Harm     .   (no ring)
rCorr    .         Rampage  .   (no ring)
Will     .....                  (no ring)
Stlth    ++........             (no ring)
HPRegen  0.11/turn              (no ring)
MPRegen  0.09/turn              (no ring)
                                (no ring)
                                (no ring)

@: no status effects
A: almost no armour, amphibious, 8 rings, camouflage 1, gelatinous body 1,
(nimble swimmer 1), tentacles
a: no special abilities


You were on level 1 of the Dungeon.
You visited 1 branch of the dungeon, and saw 2 of its levels.

You collected 92 gold pieces.

Inventory:

Hand Weapons
 a - a +0 war axe (weapon)
Armour
 b - a +0 kite shield (worn)
Jewellery
 i - a ring of see invisible
Scrolls
 d - a scroll of torment {unknown}
 g - a scroll of amnesia {unknown}
Potions
 c - a potion of might
 e - a potion of degeneration {unknown}
 f - a potion of curing {unknown}
 h - a potion of berserk rage {unknown}
 j - a potion of heal wounds {unknown}


   Skills:
 * Level 3.6 Fighting
 * Level 2.9 Axes
 - Level 3.0 Dodging
 * Level 3.6 Shields


You had 3 spell levels left.
You didn't know any spells.
Your spell library was empty.

Dungeon Overview and Level Annotations

Branches:
Dungeon (2/15)

Altars:


Innate Abilities, Weirdness & Mutations

You cannot wear most types of armour.
You are amphibious.
You can wear up to eight rings at the same time.
Your skin changes colour to match your surroundings (Stealth+).
Your rubbery body absorbs attacks. (AC +1, EV +1)
((You are camouflaged near water. (Stealth+)))
You have tentacles for arms and can constrict up to eight enemies at once.


Message History

A gnoll is nearby!
The gnoll misses you.
You barely miss the gnoll. You grab the gnoll. You squeeze the gnoll!
The gnoll is severely wounded.
You constrict the gnoll.
You kill the gnoll!
The gnoll shouts!
Things that are here:
a +0 halberd; a gnoll corpse You see here a hobgoblin corpse.
A worm comes into view.
There is a stone staircase leading up here.
The gnoll hits you but does no damage.
There is a stone staircase leading up here.
You block the gnoll's attack.
You climb upwards.
There is a stone staircase leading down here.
You start waiting.
You start waiting.
Done waiting.
You climb downwards.
You block the gnoll's attack. The gnoll hits you with a +0 spear.
There is a stone staircase leading up, spattered with blood here.
The gnoll hits you with a +0 spear. The gnoll completely misses you.
You climb upwards.
There is a stone staircase leading down here.
You hit the worm. You grab the worm.
The worm is moderately wounded.
You constrict the worm.
The gnoll hits you from afar with a +0 spear.
You block the worm's attack.
You slash the worm! You squeeze the worm, but do no damage.
The worm is almost dead.
You constrict the worm.
You kill the worm!
The gnoll hits you from afar with a +0 spear. x2
* * * LOW HITPOINT WARNING * * *
You have reached level 4!
The gnoll hits you with a +0 spear.
You die...

##### #####...# ###
........# #.#
#####...#######g###
.......[........@>#
.###.##.#######.###
.##[............#
.(##.##.#######.#
..##.##.# #.#
..##.##.# #.#
..##.##.#######.#
.###.##.##......######
..##.....+...........#


You could see a gnoll.

Vanquished Creatures
  2 gnolls
  A dart slug (D:1)
  3 worms
  5 endoplasms
  2 giant cockroaches (D:2)
  2 goblins (D:2)
  2 hobgoblins (D:2)
  2 jackals (D:2)
  A kobold (D:1)
  A quokka (D:1)
  A ball python (D:1)
  A bat (D:2)
  A frilled lizard (D:1)
  3 rats
27 creatures vanquished.

Notes
Turn   | Place    | Note
-------+----------+-------------------------------------------
     0 | D:1      | Zeld the Octopode Fighter began the quest for the Orb.
     0 | D:1      | Reached XP level 1. HP: 16/16 MP: 1/1
    42 | D:1      | Reached XP level 2. HP: 5/21 MP: 2/2
   575 | D:1      | Found a faded altar of an unknown god.
  1244 | D:2      | Reached XP level 3. HP: 20/26 MP: 3/3
  1866 | D:1      | Reached XP level 4. HP: 5/33 MP: 4/4
  1866 | D:1      | Slain by a gnoll

Illustrated notes

Levels and vault maps discovered:
D:1:      eino_arrival_water_star, layout_basic,
          hellmonk_ecumenical_altar_crossroads
D:2:      layout_basic, chequers_decorated_corner, minmay_octomino_j4

Action                   |  1- 3 |  4- 6 || total
-------------------------+-------+-------++-------
Melee: War axe           |    49 |       ||    49
       Constrict         |    12 |       ||    12
       Tentacles         |    11 |       ||    11
 Stab: Sleeping          |     9 |       ||     9
Armor: Skin              |     4 |       ||     4
Dodge: Dodged            |    23 |       ||    23
Block: Kite shield       |    21 |       ||    21

Table legend: (Time is in decaauts)
 A = Elapsed time spent in this place.
 B = Non-inter-level travel time spent in this place.
 C = Inter-level travel time spent in this place.
 D = Time resting spent in this place.
 E = Time spent auto-exploring this place.
 F = Levels seen in this place.
 G = Mean time per level.
                   A        B        C        D        E       F      G
               +--------+--------+--------+--------+--------+-----+--------+
         Total |   1897 |   1878 |     19 |    192 |   1454 |   2 |  948.5 |
       Dungeon |   1897 |   1878 |     19 |    192 |   1454 |   2 |  948.5 |
               +--------+--------+--------+--------+--------+-----+--------+

Top non-repeatable levels by time:
     D:1: 1383 daAuts
     D:2: 514 daAuts
